 Dungeon Crawl Stone Soup version 0.29-a0-821-g66395355a5 (webtiles) character file.

Game seed: 491671286997171454

181 diecastcamel the Magician (level 5, -1/37 HPs)
             Began as a Gnoll Hedge Wizard on July 7, 2022.
             Was an Initiate of Cheibriados.
             Slain by Edmund
             ... wielding a +0 flail of protection
              (2 damage)
             ... on level 4 of the Dungeon.
             The game lasted 00:25:08 (3852 turns).

diecastcamel the Magician (Gnoll Hedge Wizard)      Turns: 3852, Time: 00:25:09

Health: -1/37      AC:  6    Str: 11    XL:     5   Next: 61%
Magic:  0/14       EV: 13    Int: 16    God:    Cheibriados [......]
Gold:   155        SH:  0    Dex: 12    Spells: 5/18 levels left

rFire   . . .      SeeInvis .   i - +0 spear
rCold   . . .      Faith    .   (no shield)
rNeg    . . .      Spirit   +   b - +0 robe
rPois   +          Reflect  .   c - +1 hat
rElec   .          Harm     .   (no cloak)
rCorr   .          Rampage  .   k - +2 pair of gloves
Will    +....                   (no boots)
Stlth   +++.......              x - amulet of guardian spirit
HPRegen 0.12/turn               y - ring of poison resistance
MPRegen 0.14/turn               q - ring of willpower

@: very slow
A: fangs 1, strong nose, distributed training
a: Renounce Religion


You were on level 4 of the Dungeon.
You worshipped Cheibriados.
Cheibriados was noncommittal.
You visited 1 branch of the dungeon, and saw 4 of its levels.

You collected 295 gold pieces.
You spent 140 gold pieces at shops.

Inventory:

Hand Weapons
 a - a +0 dagger
 g - a +0 sling
 i - a +0 spear (weapon)
Missiles
 s - 6 boomerangs
 v - 4 poisoned darts
Armour
 b - a +0 robe (worn)
 c - a +1 hat (worn)
 k - a +2 pair of gloves (worn)
Jewellery
 m - a ring of magical power
 q - a ring of willpower (right hand)
 w - a ring of resist corrosion
 x - an amulet of guardian spirit (around neck)
 y - a ring of poison resistance (left hand)
Wands
 t - a wand of flame (17)
Scrolls
 e - a scroll of teleportation
 f - a scroll of enchant weapon {unknown}
 C - a scroll of poison {unknown}
Potions
 d - a potion of magic
 h - a potion of cancellation {unknown}
 n - a potion of invisibility {unknown}
 o - a potion of lignification {unknown}
 p - 2 potions of flight {unknown}
 r - a potion of heal wounds {unknown}
 u - a potion of curing {unknown}
 z - a potion of brilliance {unknown}
 A - 2 potions of haste


   Skills:
 + Level 1.6 Fighting
 + Level 1.6 Short Blades
 + Level 1.6 Long Blades
 + Level 1.6 Axes
 + Level 1.6 Maces & Flails
 + Level 1.6 Polearms
 + Level 1.6 Staves
 + Level 1.6 Ranged Weapons
 + Level 1.6 Throwing
 + Level 1.6 Armour
 + Level 4.8 Dodging
 + Level 4.4 Stealth
 + Level 1.6 Shields
 + Level 1.6 Unarmed Combat
 + Level 7.3 Spellcasting
 + Level 2.4 Conjurations
 + Level 1.3 Hexes
 + Level 2.4 Summonings
 + Level 1.3 Necromancy
 + Level 2.4 Translocations
 + Level 1.3 Transmutations
 + Level 1.3 Fire Magic
 + Level 1.3 Ice Magic
 + Level 1.3 Air Magic
 + Level 1.3 Earth Magic
 + Level 1.3 Poison Magic
 + Level 1.8 Invocations
 + Level 1.6 Evocations


You had 5 spell levels left.
You knew the following spells:

 Your Spells              Type           Power      Damage    Failure   Level
a - Magic Dart            Conj           52%        1d5       4%          1
b - Call Imp              Summ           13%        N/A       7%          2
c - Blink                 Tloc           26%        N/A       7%          2
d - Conjure Flame         Conj/Fire      11%        6-21      17%         3
e - Mephitic Cloud        Conj/Pois/Air  11%        N/A       19%         3
f - Ensorcelled Hibernat  Hex/Ice        20%        N/A       11%         2

Your spell library contained the following spells:

 Spells                   Type           Power      Damage    Failure   Level
 Slow                     Hex            40%        N/A       7%          1
 Passwall                 Tmut/Erth      8%         N/A       11%         2
 Confusing Touch          Hex            10%        N/A       22%         3
 Swiftness                Air            10%        N/A       22%         3
 Vampiric Draining        Necr           10%        2d6       22%         3


Dungeon Overview and Level Annotations

Branches:
Dungeon (4/15)
 Temple: D:4-7

Altars:
Cheibriados

Shops:
D:3 :*

Annotations:
D:4 Edmund


Innate Abilities, Weirdness & Mutations

You have very sharp teeth.
Your uncanny sense of smell can sniff out nearby items.
Your experience applies equally to all skills.


Message History

Edmund closely misses you.
You completely miss Edmund.
Edmund is heavily wounded.
Your white imp hits Edmund but does no damage.
Edmund closely misses you.
You hit Edmund but do no damage.
Edmund is heavily wounded.
Your white imp hits Edmund but does no damage.
Edmund barely misses you.
Your white imp gestures at Edmund.
The puff of frost hits Edmund but does no damage.
You catch the helpless Edmund completely off-guard!
You hit Edmund.
Edmund is heavily wounded.
Edmund barely misses you.
Your white imp barely misses Edmund.
You barely miss Edmund. You bite Edmund, but do no damage.
Edmund is heavily wounded.
Edmund hits you with a +0 flail of protection!
* * * LOW HITPOINT WARNING * * *
Your white imp gestures at Edmund.
The puff of frost hits Edmund!
Aiming: Magic Dart (safe; 4% risk of failure)
Press: ? - help, Q - select action, (/) - cycle Shift-Dir - straight line, f/p - Edmund
Aim: Edmund, wielding a +0 flail of protection and wearing a +0 chain mail (almost dead, not watching you, ally target, 100% to hit)
The magic dart hits Edmund but does no damage.
Edmund is almost dead.
Edmund hits you with a +0 flail of protection.
* * * LOW HITPOINT WARNING * * *
Your white imp hits Edmund but does no damage.
You don't have enough magic to cast this spell.
You hit Edmund but do no damage.
Edmund is almost dead.
Edmund hits you with a +0 flail of protection!
* * * LOW HITPOINT WARNING * * *
Your white imp closely misses Edmund.
You don't have enough magic to cast this spell.
You completely miss Edmund.
Edmund is almost dead.
Edmund hits you with a +0 flail of protection.
You die...

.......##..........### #.....#
....... #...........># #.....##
....... #..........######......
........#....................>.
.........[.........######...#.#
..........................###..
#.............5....###..### ##.
..........@..........#####.
.........)@.....##.........
..................#)......
.............#..(........
#..............#...)##..
#............<...##..###
#.....!..####....###....
.......### ###.......#. .......
#......... ##########


You could see Edmund (ally target) and a friendly white imp (summoned).

Vanquished Creatures
  2 iguanas
  An orc wizard (D:2)
  An adder (D:4)
  3 worms
  A dart slug (D:3)
  9 orcs
  5 endoplasms
  5 giant cockroaches
  3 hobgoblins
  3 jackals (D:2)
  4 quokkas
  7 ball pythons
  9 bats
  3 frilled lizards
  8 goblins
  6 kobolds
  4 rats
74 creatures vanquished.

Vanquished Creatures (collateral kills)
  An endoplasm (D:1)
  A frilled lizard (D:1)
2 creatures vanquished.

Grand Total: 76 creatures vanquished

Notes
Turn   | Place    | Note
-------+----------+-------------------------------------------
     0 | D:1      | diecastcamel the Gnoll Hedge Wizard began the quest for the
                  | Orb.
     0 | D:1      | Reached XP level 1. HP: 13/13 MP: 8/8
   317 | D:1      | Reached XP level 2. HP: 19/19 MP: 7/10
   368 | D:1      | Learned a level 2 spell: Call Imp
   371 | D:1      | Learned a level 2 spell: Blink
  1019 | D:1      | Reached XP level 3. HP: 25/25 MP: 11/11
  1023 | D:1      | Learned a level 3 spell: Conjure Flame
  1027 | D:1      | Learned a level 3 spell: Mephitic Cloud
  1434 | D:2      | Reached skill level 1 in Fighting
  1434 | D:2      | Reached skill level 1 in Short Blades
  1434 | D:2      | Reached skill level 1 in Long Blades
  1434 | D:2      | Reached skill level 1 in Axes
  1434 | D:2      | Reached skill level 1 in Maces & Flails
  1434 | D:2      | Reached skill level 1 in Polearms
  1434 | D:2      | Reached skill level 1 in Staves
  1434 | D:2      | Reached skill level 1 in Ranged Weapons
  1434 | D:2      | Reached skill level 1 in Throwing
  1434 | D:2      | Reached skill level 1 in Armour
  1434 | D:2      | Reached skill level 1 in Shields
  1434 | D:2      | Reached skill level 1 in Unarmed Combat
  1434 | D:2      | Reached skill level 1 in Invocations
  1434 | D:2      | Reached skill level 1 in Evocations
  1612 | D:2      | Reached XP level 4. HP: 32/32 MP: 13/13
  1814 | D:2      | Noticed a floating eye
  1816 | D:2      | Found a faded altar of an unknown god.
  1819 | D:2      | Noticed a shining eye
  1819 | D:2      | Noticed a shining eye
  1819 | D:2      | Noticed a golden eye
  2248 | D:3      | Found Yfoell's Book Shop.
  2257 | D:3      | Reached skill level 1 in Hexes
  2257 | D:3      | Reached skill level 1 in Necromancy
  2257 | D:3      | Reached skill level 1 in Transmutations
  2257 | D:3      | Reached skill level 1 in Fire Magic
  2257 | D:3      | Reached skill level 1 in Ice Magic
  2257 | D:3      | Reached skill level 1 in Air Magic
  2257 | D:3      | Reached skill level 1 in Earth Magic
  2257 | D:3      | Reached skill level 1 in Poison Magic
  2273 | D:3      | Found Hiales's Assorted Antiques.
  2276 | D:3      | Bought a thick beryl amulet for 140 gold pieces
  2802 | D:3      | Reached XP level 5. HP: 37/37 MP: 5/14
  3145 | D:4      | Found a snail-covered altar of Cheibriados.
  3269 | D:4      | Became a worshipper of Cheibriados the Contemplative
  3550 | D:4      | Noticed Edmund
  3827 | D:4      | Learned a level 2 spell: Ensorcelled Hibernation
  3851 | D:4      | HP: 1/37 [Edmund/+0 flail of protection (7)]
  3852 | D:4      | Slain by Edmund

Illustrated notes

Levels and vault maps discovered:
D:1:      saegor_arrival_simple_a, layout_loops_ring, minmay_shallow_snake_nest
D:2:      layout_rooms, hellmonk_ecumenical_altar_watching_god,
          kennysheep_potato
D:3:      layout_rooms, serial_shops, nicolae_diamond_shop, nicolae_shop_trees,
          corexii_item_surrounded_by_moat
D:4:      layout_rooms, slow_altar_1, uniq_edmund, uniq_crazy_yiuf_cottage

Skill      XL: |  1  2  3  4 |
---------------+-------------+-----
Conjurations   | 2 |  2.4
Summonings     | 2 |  2.4
Translocations | 2 |  2.4
Fighting       | 1 |  1.6
Short Blades   | 1 |  1.6
Long Blades    | 1 |  1.6
Axes           | 1 |  1.6
Maces & Flails | 1 |  1.6
Polearms       | 1 |  1.6
Staves         | 1 |  1.6
Ranged Weapons | 1 |  1.6
Throwing       | 1 |  1.6
Armour         | 1 |  1.6
Shields        | 1 |  1.6
Unarmed Combat | 1 |  1.6
Invocations    | 1 |  1.8
Evocations     | 1 |  1.6
Hexes          | 1 |  1.3
Necromancy     | 1 |  1.3
Transmutations | 1 |  1.3
Fire Magic     | 1 |  1.3
Ice Magic      | 1 |  1.3
Air Magic      | 1 |  1.3
Earth Magic    | 1 |  1.3
Poison Magic   | 1 |  1.3
Dodging        | |  4.8
Stealth        | |  4.4
Spellcasting   | |  7.3

Action                   |  1- 3 |  4- 6 || total
-------------------------+-------+-------++-------
Melee: Dagger            |     9 |       ||     9
       Bite              |     2 |     4 ||     6
       Spear             |       |    38 ||    38
 Cast: Magic Dart        |    61 |   118 ||   179
       Call Imp          |     3 |     7 ||    10
       Mephitic Cloud    |     1 |     1 ||     2
       Conjure Flame     |       |     5 ||     5
       Ensorcelled Hiber |       |     3 ||     3
       Blink             |       |     1 ||     1
  Use: Scroll            |       |     7 ||     7
 Stab: Confused          |     1 |       ||     1
       Sleeping          |       |     1 ||     1
       Distracted        |       |     1 ||     1
Armor: Robe              |     2 |     1 ||     3
Dodge: Dodged            |     5 |    16 ||    21

Table legend: (Time is in decaauts)
 A = Elapsed time spent in this place.
 B = Non-inter-level travel time spent in this place.
 C = Inter-level travel time spent in this place.
 D = Time resting spent in this place.
 E = Time spent auto-exploring this place.
 F = Levels seen in this place.
 G = Mean time per level.
                   A        B        C        D        E       F      G
               +--------+--------+--------+--------+--------+-----+--------+
         Total |   3916 |   3639 |    277 |   1199 |   1728 |   4 |  979.0 |
       Dungeon |   3916 |   3639 |    277 |   1199 |   1728 |   4 |  979.0 |
               +--------+--------+--------+--------+--------+-----+--------+

Top non-repeatable levels by time:
     D:1: 1212 daAuts
     D:3: 1171 daAuts
     D:2: 980 daAuts
     D:4: 551 daAuts
